 Dungeon Crawl Stone Soup version 0.17.1-1-g73c8601 (console) character file.

1732 Kloppie the Spear-Bearer (level 9, -12/72 HPs)
             Began as a Merfolk Gladiator on Dec 25, 2015.
             Mangled by a hill giant
             ... wielding a +0 giant club
              (30 damage)
             ... on level 6 of the Dungeon.
             The game lasted 00:11:00 (5854 turns).

Kloppie the Spear-Bearer (Merfolk Gladiator)        Turns: 5854, Time: 00:11:00

Health: -12/72     AC:  7    Str: 16    XL:     9   Next: 5%
Magic:  9/9        EV: 15    Int:  7    God:
Gold:   266        SH:  0    Dex: 17    Spells: 0 memorised, 8 levels left

rFire  . . .     SeeInvis .     b - +0 halberd
rCold  . . .     Clarity  .     w - +0 scale mail
rNeg   . . .     SustAt   .     (shield currently unavailable)
rPois  .         Gourm    .     n - +0 helmet
rElec  .         Spirit   .     (no cloak)
rCorr  .         Warding  .     (no gloves)
rMut   .         Stasis   .     (no boots)
MR     .....                    (no amulet)
Stlth  ..........               (no ring)
                                m - +5 ring of slaying

@: confused, not resistant to hostile enchantments, extremely unstealthy
A: change form in water, swift swim
a: no special abilities


You were on level 6 of the Dungeon.
You were not hungry.

You visited 1 branch of the dungeon, and saw 6 of its levels.

You collected 266 gold pieces.

Inventory:

Hand Weapons
 a - a +0 trident
 b - a +0 halberd (weapon)
Missiles
 d - 2 throwing nets (quivered)
Armour
 n - a +0 helmet (worn)
 w - a +0 scale mail (worn)
Jewellery
 m - a +5 ring of slaying (left hand)
 u - an uncursed amulet of stasis {unknown}
Scrolls
 g - a scroll of noise
 j - 4 scrolls of identify
 p - 2 scrolls of remove curse
 q - a scroll of teleportation
 t - 2 scrolls of fog
Potions
 c - 2 potions of brilliance
 i - 2 potions of magic
 l - 2 potions of curing
 r - a potion of heal wounds {unknown}
Comestibles
 e - 3 bread rations
 h - a meat ration
 k - a slice of pizza
 s - a beef jerky


   Skills:
 + Level 7.5 Fighting
 + Level 10.2 Polearms
 - Level 2.0 Throwing
 + Level 9.3 Dodging


You had 8 spell levels left.
You didn't know any spells.

Dungeon Overview and Level Annotations

Branches:
Dungeon (6/15)
 Temple: D:4-7

Altars:
Dithmenos
Fedhas
Kikubaaqudgha
Nemelex Xobeh
Trog
The Shining One

Shops:
D:4 [

Annotations:
D:4 Peloso's ghost, novice MiFi


Message History

The hill giant is moderately wounded.
The hill giant hits you with a giant club!!
* * * LOW HITPOINT WARNING * * *
You barely miss the hill giant.
The hill giant is moderately wounded.
You barely miss the hill giant.
The hill giant is moderately wounded.
The hill giant closely misses you.
You puncture the hill giant!
The hill giant is heavily wounded.
The hill giant hits you with a giant club!!
* * * LOW HITPOINT WARNING * * *
You see here 15 bolts.
All of the chunks of flesh in your inventory have rotted away.
There is a stone staircase leading up here.
Drink which item? (? for menu, Esc to quit)
You are confused.
You feel invigorated.
The hill giant hits you with a giant club!!
You die...

###### #.# ###########
#.# ..........# #.# .#
#########.###.# ..#
######.##.(#####.#
...(...>.<.....##.#
#.##.##.##(###.##.#
..#......(# #C##.#
#...PP....###@##.######.#
#..PPPP(.(..............#
#.PP_PP(..###.##.########
##P.P.P...#
#......########
#P.PPP...#
#...........>.#
#..).....#
#.##.#.######.#
########.#
#.##..........# #.#
#.####.#####..# #.# #.#
#.# #..#


You could see a hill giant.

Vanquished Creatures
  The ghost of mora the Conjurer, a novice HECj of Sif Muna (D:6)
  Sigmund (D:3)
  A water moccasin (D:6)
  A sky beast (D:6)
  A phantom (D:6)
  2 centaurs (D:6)
  An ogre (D:5)
  A giant frog (D:6)
  A scorpion (D:5)
  A crimson imp (D:3)
  A jelly (D:6)
  3 orc priests
  A gnoll shaman (D:5)
  A centaur skeleton (D:5)
  3 orc wizards
  An iguana (D:3)
  3 worker ants
  8 adders
  9 gnolls
  2 shadow imps (D:6)
  7 worms
  5 giant geckos
  19 orcs
  3 bats
  A bat zombie (D:6)
  11 giant cockroaches
  4 hobgoblins
  4 kobolds
  3 quokkas
  8 giant newts
  6 goblins
  14 jackals
  11 rats
  A rat zombie (D:6)
140 creatures vanquished.

Notes
Turn   | Place    | Note
--------------------------------------------------------------
     0 | D:1      | Kloppie the Merfolk Gladiator began the quest for the Orb.
     0 | D:1      | Reached XP level 1. HP: 16/16 MP: 1/1
   151 | D:1      | Reached XP level 2. HP: 17/23 MP: 2/2
   312 | D:1      | Reached skill level 5 in Polearms
   630 | D:2      | Found a shadowy altar of Dithmenos.
   860 | D:1      | Reached XP level 3. HP: 4/28 MP: 3/3
  1392 | D:2      | Found a sparkling altar of Nemelex Xobeh.
  1504 | D:2      | Found a glowing golden altar of the Shining One.
  1603 | D:1      | HP: 1/28 [gnoll/whip (5)]
  1607 | D:1      | Reached XP level 4. HP: 2/34 MP: 4/4
  1906 | D:1      | Reached skill level 5 in Dodging
  2612 | D:3      | Reached skill level 6 in Polearms
  2612 | D:3      | Reached XP level 5. HP: 41/41 MP: 5/5
  2987 | D:3      | Reached XP level 6. HP: 43/48 MP: 6/6
  3009 | D:3      | Noticed Sigmund
  3025 | D:3      | Killed Sigmund
  3025 | D:3      | Reached skill level 7 in Polearms
  3290 | D:3      | Reached XP level 7. HP: 55/55 MP: 7/7
  3394 | D:3      | Found a bloodstained altar of Trog.
  3446 | D:3      | Reached skill level 5 in Fighting
  3491 | D:4      | Found Amyhist's Antique Armour Emporium.
  3508 | D:4      | Noticed Peloso's ghost (novice MiFi)
  3892 | D:5      | Entered Level 5 of the Dungeon
  4451 | D:5      | Reached skill level 8 in Polearms
  4791 | D:5      | Reached XP level 8. HP: 64/64 MP: 8/8
  5277 | D:6      | Found a blossoming altar of Fedhas.
  5300 | D:6      | Reached skill level 9 in Polearms
  5614 | D:6      | Noticed mora's ghost (novice HECj)
  5626 | D:6      | Killed mora's ghost
  5626 | D:6      | Reached skill level 10 in Polearms
  5689 | D:6      | Reached XP level 9. HP: 64/72 MP: 9/9
  5734 | D:6      | Found an ancient bone altar of Kikubaaqudgha.
  5808 | D:6      | Noticed a hill giant
  5854 | D:6      | Mangled by a hill giant

Action                   |  1- 3 |  4- 6 |  7- 9 || total
-------------------------+-------+-------+-------++-------
Melee: Trident           |   136 |    16 |       ||   152
       Halberd           |       |    94 |   214 ||   308
Throw: Throwing net      |     2 |     2 |     2 ||     6
  Use: Scroll            |       |       |    12 ||    12
       Potion            |       |       |     1 ||     1
 Stab: Sleeping          |     1 |       |       ||     1
       Held in net/web   |       |     2 |       ||     2
  Eat: Chunk             |     2 |     6 |     8 ||    16
